 Dungeon Crawl Stone Soup version 0.29-a0-555-g3b24f45cc1 (webtiles) character file.

Game seed: 4405770704615604016

6 Crownlay the Grave Robber (level 1, 13/13 HPs)
             Began as a Demonspawn Necromancer on June 7, 2022.
             Quit the game on level 1 of the Dungeon.
             The game lasted 00:01:13 (387 turns).

Crownlay the Grave Robber (Demonspawn Necromancer)   Turns: 387, Time: 00:01:14

Health: 13/13      AC:  2    Str:  8    XL:     1   Next: 75%
Magic:  3/3        EV: 12    Int: 16    God:
Gold:   9          SH:  0    Dex: 13    Spells: 3/4 levels left

rFire   . . .      SeeInvis .   e - +0 club
rCold   . . .      Faith    .   (no shield)
rNeg    . . .      Spirit   .   a - +0 robe
rPois   .          Reflect  .   (no helmet)
rElec   .          Harm     .   (no cloak)
rCorr   .          Rampage  .   (no gloves)
Will    .....                   (no boots)
Stlth   ++........              (no amulet)
HPRegen 0.04/turn               (no ring)
MPRegen 0.08/turn               (no ring)

@: no status effects
A: no striking features
a: no special abilities


You were on level 1 of the Dungeon.
You visited 1 branch of the dungeon, and saw 1 of its levels.

You collected 9 gold pieces.

Inventory:

Hand Weapons
 e - a +0 club (weapon)
Armour
 a - a +0 robe (worn)
Jewellery
 f - a ring of flight
Scrolls
 c - a scroll of fog {unknown}
Potions
 b - a potion of magic
 d - a potion of curing {unknown}


   Skills:
 - Level 1.7 Dodging
 - Level 1.7 Stealth
 + Level 2.1 Spellcasting
 * Level 4.6 Necromancy


You had 3 spell levels left.
You knew the following spells:

 Your Spells              Type           Power      Damage    Failure   Level
a - Necrotize             Necr           64%        1d7       3%          1

Your spell library contained the following spells:

 Spells                   Type           Power      Damage    Failure   Level
 Vampiric Draining        Necr           16%        2d7       9%          3
 Animate Dead             Necr           16%        N/A       30%         4
 Agony                    Necr           16%        N/A       63%         5


Dungeon Overview and Level Annotations

Branches:
Dungeon (1/15)

Altars:


Message History

The hobgoblin writhes in agony.
Casting: Necrotize (safe; 3% risk of failure)
Confirm with . or Enter, or press ? or * to list all spells.
Aiming: Necrotize (safe; 3% risk of failure)
Press: ? - help, Shift-Dir - straight line, f/p - hobgoblin
Aim: a hobgoblin (severely wounded, chance to affect: 85%)
The hobgoblin writhes in agony.
You kill the hobgoblin!
The dead are walking!
Magic restored.
Your hobgoblin skeleton crumbles into dust!
HP restored.
You see here a +0 club.
Things that are here:
a +0 club; 3 stones
e - a +0 club
e - a +0 club (weapon)
f - a ring of flight You open the door.
There is an open door here.
A goblin comes into view. It is wielding a +0 club.
You miscast Necrotize.
You are very lightly contaminated with residual magic.
Nothing appears to happen.
The goblin writhes in agony.
The goblin writhes in agony.
You kill the goblin!
The dead are walking!
No target in view!
Your magical contamination has completely faded away.
You swap places.
Your goblin skeleton crumbles into dust!
You see here a +0 club.
A giant cockroach comes into view.
The giant cockroach writhes in agony.
The giant cockroach barely resists.
The giant cockroach writhes in agony.
You kill the giant cockroach!
Found a short sword.
Found a faded altar of an unknown god.
Are you sure you want to abandon this character and quit the game? (Confirm with "yes".)

#.........#.# #
###.####### #.#
# #.# #. #.# #..
####.# ## # #...
+....#....
#....#.........#
#.....@≈.≈≈≈⌠≈.#
#....#.≈.....≈.#
#... #.⌠.#.#.≈.#
#.) #.⌠.#.#.⌠..
## ..≈.#_# ≈..
.#.⌠.### ..
..≈.. ..⌠≈P≈


There were no monsters in sight!

Vanquished Creatures
  A giant cockroach (D:1)
  2 goblins (D:1)
  A hobgoblin (D:1)
  A kobold (D:1)
5 creatures vanquished.

Notes
Turn   | Place    | Note
-------+----------+-------------------------------------------
     0 | D:1      | Crownlay the Demonspawn Necromancer began the quest for the
                  | Orb.
     0 | D:1      | Reached XP level 1. HP: 13/13 MP: 3/3
   383 | D:1      | Found a faded altar of an unknown god.
   387 | D:1      | Quit the game

Illustrated notes

Levels and vault maps discovered:
D:1:      nzn_arrival_settlement, layout_basic,
          shapermc_ecumenical_altar_acropolis, serial_bayou_pond_d, minivault_24

Action                   || total
-------------------------++-------
Melee: Unarmed           ||     2
 Cast: Necrotize         ||    10
Dodge: Dodged            ||     1

Table legend: (Time is in decaauts)
 A = Elapsed time spent in this place.
 B = Non-inter-level travel time spent in this place.
 C = Inter-level travel time spent in this place.
 D = Time resting spent in this place.
 E = Time spent auto-exploring this place.
 F = Levels seen in this place.
 G = Mean time per level.
                   A        B        C        D        E       F      G
               +--------+--------+--------+--------+--------+-----+--------+
         Total |    386 |    386 |      0 |      0 |    338 |   1 |  386.0 |
       Dungeon |    386 |    386 |      0 |      0 |    338 |   1 |  386.0 |
               +--------+--------+--------+--------+--------+-----+--------+

Top non-repeatable levels by time:
     D:1: 386 daAuts
